 Dungeon Crawl Stone Soup version 0.22.1-1-ga44c0e56f4 (webtiles) character file.

34 Peloso the Shield-Bearer (level 3, -2/33 HPs)
             Began as a Minotaur Fighter on Oct 27, 2018.
             Slain by a bullfrog skeleton (3 damage)
             ... on level 4 of the Dungeon.
             The game lasted 00:02:22 (573 turns).

Peloso the Shield-Bearer (Minotaur Fighter)          Turns: 573, Time: 00:02:22

Health: -2/33      AC:  7    Str: 21    XL:     3   Next: 14%
Magic:  2/2        EV:  7    Int:  5    God:
Gold:   72         SH:  9    Dex:  7    Spells: 2/2 levels left

rFire    . . .     SeeInvis .   a - +0 long sword
rCold    . . .     Gourm    .   c - +0 shield
rNeg     . . .     Faith    .   b - +0 scale mail
rPois    .         Spirit   .   (helmet restricted)
rElec    +         Reflect  .   (no cloak)
rCorr    .         Harm     .   (no gloves)
MR       +....                  (no boots)
Stlth    ..........             (no amulet)
HPRegen  0.11/turn              h - ring of attention (curse)
MPRegen  0.08/turn              (no ring)

@: lethally poisoned (-2 -> -5)
A: retaliatory headbutt, horns 2, clumsy 1, magic resistance 1, electricity
resistance
a: no special abilities


You were on level 4 of the Dungeon.
You were not hungry.

You visited 1 branch of the dungeon, and saw 4 of its levels.

You collected 72 gold pieces.

Inventory:

Hand Weapons
 a - a +0 long sword (weapon)
Armour
 b - a +0 scale mail (worn)
 c - a +0 shield (worn)
Jewellery
 h - a cursed ring of attention (left hand)
 k - an uncursed ring of fire {unknown}
 n - an uncursed ring of see invisible {unknown}
Scrolls
 e - 2 scrolls of remove curse {unknown}
 g - a scroll of magic mapping {unknown}
 j - a scroll of random uselessness {unknown}
 l - 2 scrolls of identify {unknown}
 m - a scroll of teleportation {unknown}
Potions
 d - a potion of might
 i - a potion of curing {unknown}
Comestibles
 f - 2 rations


   Skills:
 + Level 3.9 Fighting
 + Level 2.7 Long Blades
 + Level 4.1 Armour
 + Level 0.2 Dodging
 + Level 4.3 Shields


You had 2 spell levels left.
You didn't know any spells.
Your spell library was empty.

Dungeon Overview and Level Annotations

Branches:
Dungeon (4/15)
 Temple: D:4-7

Altars:


Innate Abilities, Weirdness & Mutations

You reflexively headbutt those who attack you in melee.
You have a pair of horns on your head.
You are clumsy. (Dex -2)
You are resistant to hostile enchantments. (MR+)
You are resistant to electric shocks. (rElec)


Message History

* * * LOW HITPOINT WARNING * * *
You feel sick.
The bullfrog skeleton barely misses you.
You furiously retaliate!
You headbutt the bullfrog skeleton. The adder barely misses you.
You riposte.
You closely miss the adder. Your headbutt misses the adder.
The adder is moderately wounded.
The bullfrog skeleton hits you.
* * * LOW HITPOINT WARNING * * *
The adder closely misses you. The adder barely misses you.
The bullfrog skeleton hits you.
* * * LOW HITPOINT WARNING * * *
* * * LOW HITPOINT WARNING * * *
You feel sick. The adder bites you but does no damage.
The bullfrog skeleton barely misses you.
You riposte.
You hit the bullfrog skeleton but do no damage.
The bullfrog skeleton is almost destroyed.
You block the adder's attack. The bullfrog skeleton hits you.
You die...

### ..## #..##
#
#.#####...##...
#..............
#Z@<.......
#.S........
#..........
#.........?
#.#...#....
..#####...# ..#
#.. ... #.


You could see an adder and a bullfrog skeleton.

Vanquished Creatures
  A dart slug (D:3)
  4 ball pythons
  4 bats
  A giant cockroach (D:2)
  6 hobgoblins
  3 goblins
  6 kobolds (D:1)
  4 rats
29 creatures vanquished.

Notes
Turn   | Place    | Note
-------+----------+-------------------------------------------
     0 | D:1      | Peloso the Minotaur Fighter began the quest for the Orb.
     0 | D:1      | Reached XP level 1. HP: 19/19 MP: 0/0
    50 | D:1      | Reached XP level 2. HP: 20/27 MP: 1/1
   134 | D:1      | Gained mutation: You have sharp toenails. [potion of
                  | mutation]
   134 | D:1      | Gained mutation: You are resistant to electric shocks.
                  | (rElec) [potion of mutation]
   134 | D:1      | Gained mutation: You have a pair of large horns on your
                  | head. [potion of mutation]
   136 | D:1      | Lost mutation: You have a pair of large horns on your head.
                  | [potion of mutation]
   136 | D:1      | Lost mutation: You have sharp toenails. [potion of
                  | mutation]
   136 | D:1      | Lost mutation: You are resistant to electric shocks.
                  | (rElec) [potion of mutation]
   136 | D:1      | Gained mutation: You are clumsy. (Dex -2) [potion of
                  | mutation]
   136 | D:1      | Gained mutation: You are resistant to hostile enchantments.
                  | (MR+) [potion of mutation]
   136 | D:1      | Gained mutation: You are resistant to electric shocks.
                  | (rElec) [potion of mutation]
   432 | D:3      | Reached XP level 3. HP: 25/33 MP: 2/2
   572 | D:4      | HP: 1/33 [poisoned by an adder]
   573 | D:4      | Slain by a bullfrog skeleton

Skill      XL: |  1  2 |
---------------+-------+-----
Shields        | 4 |  4.3
Armour         | 4 |  4.1
Fighting       | |  3.9
Long Blades    | |  2.7
Dodging        | |  0.2

Action                   || total
-------------------------++-------
Melee: Long sword        ||    63
       Headbutt          ||    12
  Use: Potion            ||     2
Armor: Scale mail        ||    59
Dodge: Dodged            ||    39
Block: Shield            ||    63
       Rpst.: Long sword ||     9
